 Dungeon Crawl Stone Soup version 0.19-a0-1493-gd0fcaa6 (webtiles) character file.

81 Svalin the Chopper (level 4, 0/39 HPs)
             Began as a Minotaur Berserker on Sept 9, 2016.
             Was a Believer of Trog.
             Slain by a kobold
             ... wielding a +1 whip of electrocution
              (20 damage)
             ... on level 2 of the Dungeon.
             The game lasted 00:03:27 (1376 turns).

Svalin the Chopper (Minotaur Berserker)             Turns: 1376, Time: 00:03:27

Health: 0/39       AC:  5    Str: 22    XL:     4   Next: 19%
Magic:  3/3        EV: 11    Int:  4    God:    Trog [**....]
Gold:   90         SH:  0    Dex: 10    Spells: 0 memorised, 3 levels left

rFire  . . .     SeeInvis .     a - +0 hand axe
rCold  . . .     Gourm    .     g - +0 ring mail
rNeg   . . .     Faith    .     (no shield)
rPois  .         Spirit   .     (helmet restricted)
rElec  .         Dismiss  .     (no cloak)
rCorr  +         Reflect  .     (no gloves)
MR     .....     Harm     .     (no boots)
Stlth  ..........               (no amulet)
                                (no ring)
                                e - ring of resist corrosion

@: no status effects
A: retaliatory headbutt, horns 2
a: Berserk, Trog's Hand, Burn Spellbooks, Renounce Religion


You were on level 2 of the Dungeon.
You worshipped Trog.
Trog was pleased with you.
You were not hungry.

You visited 1 branch of the dungeon, and saw 2 of its levels.

You collected 90 gold pieces.

Inventory:

Hand Weapons
 a - a +0 hand axe (weapon)
Armour
 g - a +0 ring mail (worn)
Jewellery
 e - a ring of resist corrosion (left hand)
Scrolls
 b - 2 scrolls of fear
 f - a scroll of enchant armour {unknown}
 h - a scroll of remove curse
Potions
 j - a potion of heal wounds {unknown}
 k - a potion of invisibility {unknown}
 l - 2 potions of brilliance {unknown}
Comestibles
 c - a bread ration
 d - 6 chunks of flesh


   Skills:
 - Level 3.6 Fighting
 + Level 6.1 Axes
 - Level 2.4 Armour
 - Level 2.1 Dodging


You had 3 spell levels left.
You didn't know any spells.

Dungeon Overview and Level Annotations

Branches:
Dungeon (2/15)

Altars:
Dithmenos


Innate Abilities, Weirdness & Mutations

You reflexively headbutt those who attack you in melee.
You have a pair of horns on your head.


Message History

You start putting on your armour.
You continue putting on your ring mail. x5
You finish putting on your +0 ring mail.
Drop what? 12/52 slots (_ for help) (? for menu, Esc to quit)
You drop a +0 leather armour.
Found a cyan potion.
A kobold comes into view. It is wielding a whip of electrocution.
The kobold shouts!
Found a stone staircase leading down.
The kobold throws a stone.
The stone closely misses you.
The kobold throws a stone.
The stone hits you.
You see here a stone.
The kobold hits you but does no damage.
You closely miss the kobold.
The kobold hits you with a whip of electrocution.
You are electrocuted!
You closely miss the kobold. Your headbutt misses the kobold.
The kobold hits you with a whip of electrocution.
You are electrocuted!
Ouch! That really hurt!
You die...

### #.. #.# ####.#####
.## #........#
.........####........#
.......#.......!.....#
.............>..@K...#
...............(.....#
.....................#
..........>..........#
......#.####.........#
........# #.........#
#.##...# #.........#
......######[#.....###
.......รท..##....<..#


You could see a kobold.

Vanquished Creatures
  4 adders (D:2)
  A worm (D:2)
  3 dart slugs (D:1)
  A giant gecko (D:2)
  4 bats (D:1)
  2 giant cockroaches
  4 goblins (D:1)
  3 hobgoblins
  2 jackals (D:1)
  4 kobolds (D:1)
  A giant newt (D:1)
  8 rats
37 creatures vanquished.

Notes
Turn   | Place    | Note
-------+----------+-------------------------------------------
     0 | D:1      | Svalin the Minotaur Berserker began the quest for the Orb.
     0 | D:1      | Reached XP level 1. HP: 19/19 MP: 0/0
     6 | D:1      | Reached skill level 4 in Axes
   309 | D:1      | Reached XP level 2. HP: 24/26 MP: 1/1
   699 | D:1      | Reached skill level 5 in Axes
   737 | D:1      | Reached XP level 3. HP: 26/31 MP: 2/2
  1087 | D:2      | Found a shadowy altar of Dithmenos.
  1156 | D:2      | Reached ** piety under Trog
  1293 | D:2      | Reached XP level 4. HP: 35/39 MP: 3/3
  1341 | D:2      | Reached skill level 6 in Axes
  1376 | D:2      | Slain by a kobold

Vault maps used:
D:1:      saegor_arrival_simple_a
D:2:      grunt_dithmenos_smoke

Skill      XL: |  1  2  3  4 |
---------------+-------------+-----
Axes           | 4 5 6 |  6.1
Fighting       | |  3.6
Armour         | |  2.4
Dodging        | |  2.1

Action                   |  1- 3 |  4- 6 || total
-------------------------+-------+-------++-------
Melee: Hand axe          |    58 |     6 ||    64
       Headbutt          |     9 |       ||     9
Invok: Berserk           |     2 |       ||     2
  Use: Scroll            |     4 |       ||     4
  Eat: Chunk             |     3 |       ||     3
Armor: Animal skin       |    11 |       ||    11
       Leather armour    |     1 |     2 ||     3
       Ring mail         |       |     1 ||     1
Dodge: Dodged            |    44 |     6 ||    50
